 Dungeon Crawl Stone Soup version 0.18-a0-775-g4d9e04e (webtiles) character file.

711684 4thArraOfDagon the Invulnerable (level 27, -38/246 HPs)
             Began as a Hill Orc Berserker on Dec 13, 2015.
             Was the Champion of the Shining One.
             Killed from afar by a Brimstone Fiend (51 damage)
             ... with a blast of hellfire
             ... on level 7 of Gehenna.
             The game lasted 03:59:00 (24139 turns).

4thArraOfDagon the Invulnerable (HOBe)             Turns: 24139, Time: 03:59:00

Health: -38/246    AC: 45    Str: 29    XL:     27
Magic:  16/33      EV: 14    Int: 20    God:    the Shining One [******]
Gold:   494        SH: 17    Dex: 13    Spells: 6 memorised, 24 levels left

rFire  + + .     SeeInvis .     S - +7 broad axe (holy)
rCold  . . .     Clarity  .     u - +8 gold dragon armour
rNeg   + + +     SustAt   .     O - +0 shield {reflect}
rPois  +         Gourm    .     t - +2 helmet {Int+3}
rElec  .         Spirit   .     R - +1 cloak {rPois}
rCorr  .         Dismiss  .     (no gloves)
rMut   .         Rnd*Tele +     X - +1 pair of boots of Ennui {Dex+3}
MR     ++...                    L - +2 amulet of reflection
Stlth  ..........               K - ring of teleportation
                                F - ring of Xaehull {Fire Int+6}

@: very slightly contaminated, glowing, repel missiles, very resistant to
hostile enchantments, extremely unstealthy
A: blink, mutation resistance 1
a: Blink, Divine Shield, Cleansing Flame, Summon Divine Warrior, Renounce
Religion, Evoke Teleportation
}: 8/15 runes: serpentine, barnacled, slimy, silver, golden, iron, icy, bone


You were on level 7 of Gehenna.
You worshipped the Shining One.
The Shining One was exalted by your worship.
You were not hungry.

You visited 17 branches of the dungeon, and saw 84 of its levels.
You visited the Abyss 1 time.
You visited 1 bazaar.
You visited 1 ziggurat, and saw 13 of its levels.
You also visited: Labyrinth, Sewer and Ice Cave.

You collected 4223 gold pieces.
You spent 3729 gold pieces at shops.

Inventory:

Hand Weapons
 x - a +9 broad axe of electrocution
 I - the +9 war axe "Suhi" {flame, rElec Dex+4}
   (You found it on level 6 of the Pits of Slime)

   It has been specially enchanted to burn those struck by it, causing extra
   injury to most foes and up to half again as much damage against particularly
   susceptible opponents.
   Big, fiery blades are also staple armaments of hydra-hunters.
   It affects your dexterity (+4).
   It insulates you from electricity.
 S - a +7 broad axe of holy wrath (weapon)
Missiles
 J - 4 throwing nets (quivered)
Armour
 t - a +2 helmet of intelligence (worn)
 u - a +8 gold dragon armour (worn)
 H - the +13 plate armour of Eternity {rC++ rCorr Str+3 Int-5}
   (You found it on level 3 of the Crypt)

   It affects your strength (+3).
   It affects your intelligence (-5).
   It greatly protects you from cold.
   It protects you from acid and corrosion.
 O - a +0 shield of reflection (worn)
 R - a +1 cloak of poison resistance (worn)
 X - the +1 pair of boots of Ennui (worn) {Dex+3}
   (You found it on level 6 of the Pits of Slime)

   It affects your dexterity (+3).
Rods
 d - a +4 rod of ignition (13/13)
   (You found it on level 8 of the Lair of Beasts)
Jewellery
 r - the cursed ring of Robustness {AC+8}
   (You found it in an ice cave)

   [ring of protection]

   It affects your AC (+8).
   It has a curse placed upon it.
 v - an uncursed amulet of regeneration {unknown}
 C - the cursed necklace of Bloodlust {*Rage +Rage MR+ Str+2 Int-2 Slay+3 *Curse}
   (You found it on level 9 of a ziggurat)

   [amulet of rage]

   It affects your strength (+2).
   It affects your intelligence (-2).
   It affects your accuracy and damage with ranged weapons and melee attacks
   (+3).
   It affects your resistance to hostile enchantments.
   It lets you go berserk.
   It may make you go berserk in combat.
   It may re-curse itself when equipped.
   It has a curse placed upon it.
 E - the ring "Giritati" {rPois rC+++ Int-2 Dex+9}
   (You found it in a labyrinth)

   [ring of poison resistance]

   It affects your intelligence (-2).
   It affects your dexterity (+9).
   It renders you almost immune to cold.
   It protects you from poison.
 F - the ring of Xaehull (left hand) {Fire Int+6}
   (You found it on level 13 of a ziggurat)

   [ring of fire]

   It enhances your fire magic, and weakens your ice magic.
   It affects your intelligence (+6).
   It protects you from fire.
   It makes you vulnerable to cold.
 G - an uncursed ring of protection from magic
 K - a ring of teleportation (right hand)
 L - a +2 amulet of reflection (around neck)
 T - the amulet of the Air {Inacc +Fly rElec EV+5 RMsl}
   (You found it on level 6 of the Pits of Slime)

   [amulet of inaccuracy]

   It reduces the accuracy of all your attacks.
   It affects your evasion (+5).
   It insulates you from electricity.
   It lets you fly.
   It protects you from missiles.
 V - an uncursed ring of protection from fire
 W - an uncursed ring of wizardry
 Y - the amulet "Mastegaxze" {Dismiss rC+ Dex+2}
   (You found it on level 13 of a ziggurat)

   [amulet of dismissal]

   It may teleport away creatures that harm you.
   It affects your dexterity (+2).
   It protects you from cold.
Wands
 l - a wand of digging (11)
 q - a wand of fire (3)
 s - a wand of disintegration (3)
 U - a wand of teleportation (3)
Scrolls
 b - 7 scrolls of fog
 e - 3 scrolls of recharging
 i - 4 scrolls of holy word
 j - 11 scrolls of remove curse
 z - 3 scrolls of blinking
 B - a scroll of silence
 D - 6 scrolls of immolation
 Q - 2 scrolls of magic mapping
Potions
 a - 3 potions of flight
 f - 15 potions of curing
 k - a potion of resistance
 n - 2 potions of cure mutation
 o - 8 potions of brilliance
 P - 14 potions of heal wounds
 Z - a potion of haste
Miscellaneous
 g - a box of beasts {used: 6}
 m - an ornate deck of summoning {drawn: 3}
 p - a piece from Xom's chessboard
 w - a box of beasts {used: 7}
 y - a box of beasts {used: 4}
 M - a plain deck of defence {the Tomb, drawn: 2}
 N - a phantom mirror
Comestibles
 h - 20 meat rations


   Skills:
 + Level 20.0 Fighting
 - Level 21.0 Axes
 O Level 27 Armour
 - Level 14.0 Dodging
 - Level 15.1 Shields
 - Level 7.0 Spellcasting
 - Level 3.3 Charms
 * Level 11.0 Translocations
 - Level 3.1 Air Magic
 - Level 14.0 Invocations
 - Level 12.0 Evocations


You had 24 spell levels left.
You knew the following spells:

 Your Spells              Type           Power        Failure   Level  Hunger
a - Apportation           Tloc           ######....   1%          1    None
b - Repel Missiles        Chrm/Air       ###...       24%         2    None
c - Blink                 Tloc           N/A          1%          2    None
d - Passage of Golubria   Tloc           N/A          8%          4    ###....
e - Phase Shift           Tloc           ######....   17%         5    #####..
f - Swiftness             Chrm/Air       ###.....     24%         2    None


Dungeon Overview and Level Annotations

Branches:
Dungeon (15/15)            Temple (1/1) D:6            Lair (8/8) D:8
 Shoals (4/4) Lair:5        Snake (4/4) Lair:4        Slime (6/6) Lair:7
    Orc (2/2) D:9             Elf (3/3) Orc:2        Vaults (5/5) D:13
  Crypt (3/3) Vaults:2       Tomb (3/3) Crypt:3      Depths (4/5) D:15
   Hell (1/1)                 Dis (7/7) Hell            Geh (7/7) Hell
    Coc (7/7) Hell            Tar (7/7) Hell

Altars:
Ashenzari
Cheibriados
Dithmenos
Elyvilon
Fedhas
Gozag
Kikubaaqudgha
Makhleb
Nemelex Xobeh
Okawaru
Pakellas
Qazlal
Sif Muna
Trog
Vehumet
Yredelemnul
Zin
The Shining One
Beogh
Jiyva

Shops:
D:8 ?   D:9 =   Orc:2 :*([   Elf:1 [*   Snake:1 (   Snake:3 (:   Vaults:1 %
Vaults:3 (   Vaults:4 **%[   Depths:2 :

Portals:
Hell: Depths:3
Abyss: Depths:3

Annotations:
Slime:2 exclusion: upstairs
Tomb:2 Mara, Mennas
Depths:3 exclusion: downstairs
Dis:7 Dispater, Serpent of
Hell
Coc:7 exclusion: 2 ice statues


Innate Abilities, Weirdness & Mutations

You can translocate small distances at will.
You are somewhat resistant to further mutation.


Message History

Unknown command.
Unknown command.
Unknown command.
Unknown command.
Unknown command.
Unknown command.
Unknown command.
Unknown command.
Unknown command.
Unknown command.
Unknown command.
Unknown command.
Read which item? (? for menu, Esc to quit)
Blink to where?
Press: ? - help, Dir - move target cursor You are very lightly contaminated with residual magic.
As you read the scroll of blinking, it crumbles to dust.
The Brimstone Fiend gestures at you.
The hellfire explodes!
The blast of hellfire engulfs you!
You die...

... ...........
.....#.......#
......Z.Z...#
.......######
...#### # # ####..+
#####.......
...#####...@.......
.''...............
#'................
#.................
#......#######....
#....''#$$$ ##..
##...)1..... .
#...ยง# #....#


You could see a Brimstone Fiend.

Vanquished Creatures
  the Royal Jelly (Slime:6)
  Ereshkigal (Tar:7)
  3 ancient liches
  11 greater mummies
  A shard shrike (Coc:4)
  Geryon (Hell)
  A profane servitor (Crypt:3)
  5 liches
  3 bone dragons
  11 doom hounds
  Rupert (D:13)
  4 Brimstone Fiends
  5 Ice Fiends
  A quicksilver dragon (Vaults:5)
  Asterion (Snake:4)
  10 acid blobs
  A titan (Vaults:5)
  4 Shadow Fiends
  9 sphinxes
  3 Executioners
  6 ancient champions
  A storm dragon (Vaults:5)
  4 shadow dragons
  A draconian monk (Tomb:3)
  2 tengu reavers (Vaults:5)
  6 greater nagas (Snake:4)
  Ilsuiw (Shoals:4)
  4 revenants
  10 azure jellies
  8 frost giants
  An iron dragon (Vaults:5)
  2 ghost moths (Zig:5)
  3 fire giants
  8 vault wardens
  Maud (Lair:6)
  Donald (Shoals:3)
  Aizul (Shoals:3)
  A deep elf sorcerer (Vaults:2)
  4 balrugs
  3 cacodemons (Dis:7)
  7 ghouls (Crypt:3)
  A curse skull (Crypt:3)
  2 orc warlords
  7 war gargoyles
  10 ironheart preservers
  23 stone giants
  A draconian caller (Tomb:3)
  A juggernaut skeleton (Zig:10)
  26 reapers
  3 vampire knights
  2 salamander stormcallers
  2 deep elf demonologists
  9 bennus
  6 dire elephants (Lair:8)
  9 eidola
  A yellow draconian (Tomb:3)
  7 ettins
  A deep elf death mage (Elf:3)
  2 black suns (Zig:7)
  4 death oozes
  4 quicksilver dragon zombies
  5 merfolk javelineers
  28 vault guards
  10 merfolk impalers
  3 deep elf high priests
  A fire dragon (shapeshifter) (Elf:3)
  4 fire dragons
  4 blizzard demons
  A spectral kraken (Tar:7)
  A minotaur (Lab)
  9 hydras
  17 mummy priests
  An entropy weaver (Depths:2)
  4 great orbs of eyes
  3 centaur warriors
  7 yaktaur captains
  12 naga warriors
  An iron giant zombie (Zig:9)
  3 ice dragons
  3 merfolk avatars
  A spriggan air mage (Depths:1)
  A rakshasa (Abyss:3)
  3 death knights (Crypt:3)
  An alligator snapping turtle (Shoals:3)
  A satyr (Shoals:3)
  4 ogre magi
  14 anacondas
  4 deep troll earth magi
  4 merfolk aquamancers
  2 tengu warriors
  4 thrashing horrors
  2 deep troll shamans (Depths:1)
  23 death yaks
  6 hell hogs
  A small abomination (Vaults:5)
  12 naga sharpshooters
  7 dancing weapons
  3 titan zombies
  A storm dragon zombie (Geh:7)
  9 shock serpents
  Urug (Orc:2)
  9 deep elf knights
  12 soul eaters
  An iron golem (Hell)
  2 orc high priests
  12 sun demons
  Nergalle (Orc:2)
  6 hell knights
  A titan skeleton (Hell)
  6 salamander mystics (Snake:4)
  5 deep trolls
  3 shadow wraiths
  76 skeletal warriors
  9 sea snakes
  A ghost moth zombie (Coc:4)
  A wizard (Depths:1)
  6 death scarabs
  A storm dragon skeleton (Tar:6)
  8 flayed ghosts
  3 hill giants
  2 giant orange brains
  17 phantasmal warriors
  4 unseen horrors
  2 anaconda skeletons
  4 ironbrand convokers
  7 shadow demons
  23 anubis guards
  A golden dragon skeleton (Zig:10)
  7 anaconda zombies
  19 harpies
  4 lindwurms (Snake:4)
  28 deep elf magi
  8 necromancers
  8 orc knights
  4 wolf spiders (Vaults:2)
  3 fire giant zombies
  12 griffons
  4 iron dragon zombies
  2 wolf spider zombies (Geh:7)
  3 naga ritualists
  4 shining eyes
  A sphinx skeleton (Crypt:2)
  12 mana vipers
  A hornet (Vaults:1)
  4 water nymphs
  2 cyclopes (Vaults:2)
  6 orc sorcerers
  A shining eye (shapeshifter) (Depths:1)
  5 manticores
  2 stone giant zombies
  6 frost giant zombies
  A shadow dragon skeleton (Tar:4)
  10 ugly things
  7 fauns
  5 salamanders
  An iron dragon skeleton (Zig:10)
  4 vault sentinels
  18 elephants
  17 naga magi
  19 rust devils
  A siren (Shoals:3)
  A stone giant skeleton (Tar:7)
  A dire elephant zombie (Crypt:3)
  An elephant (shapeshifter) (Depths:1)
  An orange demon (Hell)
  A fire giant skeleton (Tar:6)
  6 guardian serpents
  A frost giant skeleton (Zig:10)
  2 eyes of devastation (Slime:6)
  A spectral elf (Zig:7)
  An ice statue (Hell)
  A torpor snail (Lair:5)
  7 spiny frogs
  13 black mambas
  A yellow draconian zombie (Tar:1)
  A spectral swamp worm (Tar:7)
  3 dire elephant skeletons
  2 fire drakes
  A sea snake zombie (Crypt:2)
  9 yaktaurs
  A demonic crawler (Zig:5)
  A smoke demon (Geh:6)
  2 elf skeletons (Zig:10)
  7 hydra zombies
  13 hellions
  5 komodo dragons
  16 tormentors
  30 guardian mummies
  36 ice devils
  10 two-headed ogres
  24 freezing wraiths
  A jumping spider (Zig:5)
  A queen bee (D:11)
  3 red devils
  10 trolls
  A wind drake (Shoals:4)
  5 anaconda simulacra (IceCv)
  2 harpy zombies (Geh:7)
  7 polar bears
  A tengu conjurer (Depths:2)
  29 merfolk
  4 hydra skeletons
  61 slime creatures
  An ice dragon zombie (Dis:5)
  A raiju (shapeshifter) (Depths:2)
  3 boulder beetles
  3 ettin zombies
  A fire dragon zombie (Crypt:3)
  3 alligator zombies
  2 harpy skeletons
  A guardian serpent skeleton (Crypt:1)
  17 ushabtiu
  16 blink frogs
  39 flying skulls
  5 snapping turtles
  A redback (Depths:2)
  A spriggan (shapeshifter) (Abyss:5)
  2 alligator skeletons
  13 spriggans (Depths:3)
  A wyvern (D:12)
  2 spriggan skeletons
  3 vampires
  7 shadows
  A black mamba zombie (Crypt:3)
  An ice dragon skeleton (Geh:7)
  11 water elementals
  10 deep elf fighters
  2 vampire mosquitoes (Vaults:2)
  11 wraiths
  A trapdoor spider (Zig:5)
  An ettin skeleton (Geh:7)
  16 humans
  7 fire elementals
  8 hippogriffs
  3 golden eyes (Slime:3)
  A steam dragon (D:9)
  32 yaks
  23 nagas
  27 wolves
  A death yak simulacrum (IceCv)
  3 hungry ghosts
  A harpy simulacrum (IceCv)
  4 wargs
  2 iron troll simulacra (IceCv)
  6 hydra simulacra
  Duvessa (D:5)
  3 spiny frog zombies
  14 hell hounds
  36 orc warriors
  9 porcupines
  10 water moccasins
  6 large abominations (Abyss:5)
  A monstrous demonspawn skeleton (Geh:6)
  An eye of draining (shapeshifter) (Vaults:5)
  16 necrophages
  3 spiny frog skeletons
  3 wasps (Depths:3)
  5 black bears
  9 starcursed masses (Abyss:5)
  3 ettin simulacra (IceCv)
  An alligator simulacrum (IceCv)
  3 eyes of draining
  3 ice beasts
  A manticore skeleton (Hell)
  4 phantoms
  A torpor snail zombie (Crypt:2)
  8 crocodiles
  12 centaurs
  19 ogres
  A swamp dragon skeleton (Coc:7)
  8 big kobolds (Abyss:5)
  8 giant frogs
  4 spiny frog simulacra
  3 earth elementals (Zig:8)
  8 wyvern skeletons (Crypt:3)
  Dowan (D:5)
  3 scorpions
  28 killer bees
  9 wights
  3 hounds
  An electric eel (D:11)
  2 crimson imps (D:9)
  2 draconian simulacra (IceCv)
  A wolf zombie (Crypt:2)
  An elf simulacrum (Hell)
  A giant frog zombie (D:12)
  16 orc wizards
  A quasit (D:13)
  20 orc priests
  13 jellies
  Crazy Yiuf (D:4)
  6 iron imps
  2 giant frog skeletons
  Ijyb (D:3)
  An iguana (Lair:1)
  A lightning spire (Zig:7)
  18 sheep
  3 worker ants
  3 troll simulacra (IceCv)
  A spriggan simulacrum (IceCv)
  A wolf simulacrum (IceCv)
  A deep dwarf zombie (Crypt:2)
  A tengu zombie (Tar:2)
  2 centaur simulacra (IceCv)
  A naga skeleton (Geh:6)
  The ghost of 4thArraOfDagon the Bolt Thrower, a weakling KoHu (D:3)
  46 mummies
  A hound skeleton (D:7)
  A worker ant zombie (D:10)
  An ogre simulacrum (IceCv)
  6 adders
  28 river rats
  4 shadow imps
  20 white imps
  A naga simulacrum (IceCv)
  4 ufetubi (IceCv)
  An adder zombie (D:8)
  2 giant geckos
  66 orcs
  4 bats
  6 bat skeletons (Depths:3)
  2 giant cockroaches (D:3)
  5 hobgoblins
  13 jackals
  4 quokkas
  A giant gecko skeleton (D:4)
  5 giant newts
  A jackal skeleton (Crypt:1)
  2 kobolds (D:2)
  An orc zombie (Crypt:1)
  2 quokka zombies (D:8)
  2 rats (D:3)
  A crawling corpse (Vaults:5)
  5 fungi
  12 plants
  A tentacle (Tar:7)
2162 creatures vanquished.

Vanquished Creatures (collateral kills)
  A greater mummy (Tomb:2)
  A titan (Vaults:5)
  3 acid blobs (Zig:4)
  A vault warden (Vaults:5)
  An orc warlord (Vaults:5)
  A merfolk aquamancer (Zig:11)
  A soul eater (Hell)
  An iron troll (Tomb:2)
  A shadow demon (Tar:7)
  A sea snake (Zig:11)
  A shining eye (Slime:3)
  2 water nymphs (Zig:11)
  A polar bear (Vaults:5)
  A merfolk (Zig:11)
  A two-headed ogre (Crypt:3)
  A water elemental (Zig:11)
  A hippogriff (Zig:11)
  A naga (Snake:4)
  A centaur (Zig:11)
  An ogre (Vaults:5)
  A necrophage (Crypt:3)
  2 jellies (Zig:4)
  2 orc wizards (Vaults:5)
28 creatures vanquished.

Vanquished Creatures (others)
  A deep elf master archer (Zig:8)
  An eldritch tentacle (Tomb:3)
  A tengu reaver (Depths:1)
  A revenant (Tomb:2)
  A frost giant (Depths:1)
  A very ugly thing (Depths:1)
  A salamander stormcaller (Hell)
  2 stone giants
  A merfolk javelineer (Zig:11)
  A quicksilver dragon zombie (Geh:7)
  A quicksilver dragon skeleton (Tomb:2)
  A merfolk aquamancer (Shoals:3)
  A dancing weapon (Dis:7)
  A sea snake (Shoals:4)
  2 anubis guards (Tomb:3)
  2 cyclopes
  A fire giant skeleton (Geh:7)
  2 rust devils (Dis:7)
  A naga mage (Snake:2)
  2 yaktaurs
  A polar bear (Coc:7)
  A two-headed ogre (Tomb:2)
  2 flying skulls (Tomb:2)
  A fire elemental (Hell)
  2 crimson imps (Geh:7)
  3 mummies (Tomb:2)
  A white imp (Coc:7)
  A bush (Depths:3)
  80 eldritch tentacle segments (Tomb:3)
  8 fungi
  4 lost souls (Crypt:3)
  7 plants
  3 tentacles (Tar:7)
  28 tentacle segments (Tar:7)
  11 toadstools (Lair:6)
178 creatures vanquished.

Grand Total: 2368 creatures vanquished

Notes
Turn   | Place    | Note
--------------------------------------------------------------
     0 | D:1      | 4thArraOfDagon the Hill Orc Berserker began the quest for the Orb.
     0 | D:1      | Reached XP level 1. HP: 19/19 MP: 1/1
    99 | D:2      | Reached XP level 2. HP: 27/27 MP: 2/2
   132 | D:2      | Found an opulent altar of Gozag.
   170 | D:2      | Reached XP level 3. HP: 13/33 MP: 3/3
   232 | D:2      | Found an iron altar of Okawaru.
   259 | D:3      | Noticed 4thArraOfDagon's ghost (weakling KoHu)
   266 | D:3      | Killed 4thArraOfDagon's ghost
   266 | D:3      | Reached skill level 5 in Axes
   273 | D:3      | Reached XP level 4. HP: 40/40 MP: 4/4
   304 | D:2      | Reached ** piety under Trog
   329 | D:3      | Noticed Ijyb
   346 | D:3      | Killed Ijyb
   403 | D:3      | Reached skill level 6 in Axes
   432 | D:3      | Reached XP level 5. HP: 42/47 MP: 1/5
   560 | D:3      | Found a glowing drain.
   567 | Sewer    | Entered a sewer
   729 | D:4      | Noticed Crazy Yiuf
   735 | D:4      | Killed Crazy Yiuf
   769 | D:5      | Entered Level 5 of the Dungeon
   803 | D:5      | Noticed Dowan
   804 | D:5      | Found an oddly glowing altar of Pakellas.
   804 | D:5      | Noticed Duvessa
   816 | D:5      | Killed Dowan
   816 | D:5      | Reached skill level 5 in Fighting
   816 | D:5      | Reached XP level 6. HP: 56/56 MP: 4/6
   821 | D:5      | Killed Duvessa
   821 | D:5      | Reached skill level 7 in Axes
   940 | D:6      | Got a tattered robe
   995 | D:6      | Found a staircase to the Ecumenical Temple.
  1195 | D:8      | Found Mocasirr's Magic Scroll Boutique.
  1207 | D:8      | Reached skill level 8 in Axes
  1207 | D:8      | Reached XP level 7. HP: 61/61 MP: 4/7
  1252 | D:8      | Bought a scroll of teleportation for 45 gold pieces
  1252 | D:8      | Bought a scroll of enchant armour for 112 gold pieces
  1252 | D:8      | Bought a scroll of identify for 30 gold pieces
  1271 | D:8      | Noticed an elephant
  1272 | D:8      | Noticed a yak
  1273 | D:8      | Found a staircase to the Lair.
  1276 | D:8      | Noticed a hungry ghost
  1287 | D:8      | Killed an elephant
  1287 | D:8      | Reached skill level 9 in Axes
  1287 | D:8      | Reached skill level 5 in Armour
  1287 | D:8      | Reached XP level 8. HP: 61/71 MP: 5/8
  1323 | D:9      | Reached skill level 10 in Axes
  1480 | D:7      | Reached skill level 11 in Axes
  1495 | D:7      | Reached XP level 9. HP: 79/79 MP: 9/9
  1562 | D:7      | Found a shadowy altar of Dithmenos.
  1566 | D:7      | Found a white marble altar of Elyvilon.
  1827 | D:9      | Found a stormy altar of Qazlal.
  1827 | D:9      | Found a blossoming altar of Fedhas.
  1843 | D:9      | Noticed a deep elf mage
  1859 | D:9      | Killed a deep elf mage
  1859 | D:9      | Reached skill level 12 in Axes
  1957 | D:9      | Reached skill level 13 in Axes
  1994 | D:9      | Found a staircase to the Orcish Mines.
  2008 | Orc:1    | Entered Level 1 of the Orcish Mines
  2043 | Orc:1    | Reached XP level 10. HP: 90/90 MP: 10/10
  2071 | Orc:2    | Entered Level 2 of the Orcish Mines
  2239 | Orc:2    | Noticed an orc sorcerer
  2245 | Orc:2    | Killed an orc sorcerer
  2245 | Orc:2    | Reached skill level 14 in Axes
  2279 | Orc:1    | Noticed an orc high priest
  2287 | Orc:1    | Killed an orc high priest
  2346 | Orc:1    | Noticed an orc sorcerer
  2357 | Orc:1    | Killed an orc sorcerer
  2395 | Orc:1    | Reached skill level 15 in Axes
  2498 | Orc:1    | Reached *** piety under Trog
  2636 | Orc:2    | Found a staircase to the Elven Halls.
  2679 | Orc:2    | Reached XP level 11. HP: 64/95 MP: 7/11
  2734 | Orc:2    | Noticed Urug
  2739 | Orc:2    | Noticed Nergalle
  2801 | Orc:2    | Killed Urug
  2801 | Orc:2    | Reached skill level 16 in Axes
  2801 | Orc:2    | Reached skill level 10 in Armour
  3024 | Orc:2    | Noticed an orc knight
  3054 | Orc:2    | Killed an orc knight
  3058 | Orc:2    | Noticed an orc high priest
  3204 | Orc:2    | Killed an orc high priest
  3210 | Orc:2    | Noticed an orc knight
  3333 | Orc:2    | Reached skill level 17 in Axes
  3364 | Orc:2    | Noticed an orc warlord
  3400 | Orc:2    | Killed an orc warlord
  3517 | Orc:2    | Killed Nergalle
  3595 | Orc:2    | Killed an orc knight
  3627 | Orc:2    | Found a roughly hewn altar of Beogh.
  3630 | Orc:2    | Found Tiqin's General Store.
  3708 | Orc:2    | Found Mecsud's Antique Armour Shoppe.
  3723 | Orc:2    | Found Dekanon's Antique Weapon Shoppe.
  3739 | Orc:2    | Found Petupp's Book Shoppe.
  3763 | Orc:2    | Bought a scroll of recharging for 152 gold pieces
  3763 | Orc:2    | Bought a scroll of noise for 16 gold pieces
  3779 | Orc:2    | Bought an embroidered cloak for 148 gold pieces
  3779 | Orc:2    | Bought a faintly glowing scale mail for 297 gold pieces
  3800 | Orc:2    | Identified the +6 scale mail of Lies {*Corrode rC- Str+9 Dex+9} (You bought it in a shop on level 2 of the Orcish Mines)
  3832 | Elf:1    | Entered Level 1 of the Elven Halls
  3834 | Elf:1    | Noticed a deep elf mage
  3834 | Elf:1    | Noticed a deep elf knight
  3834 | Elf:1    | Noticed a deep elf knight
  3837 | Elf:1    | Reached XP level 12. HP: 103/103 MP: 12/12
  3840 | Elf:1    | Reached skill level 18 in Axes
  4100 | Elf:1    | Found Taqucvio's General Store.
  4106 | Elf:1    | Found Ezajaowk's Antique Armour Shoppe.
  4154 | Elf:1    | Noticed a deep elf high priest
  4159 | Elf:1    | Reached skill level 19 in Axes
  4162 | Elf:1    | Killed a deep elf high priest
  4246 | Elf:1    | Bought a shiny helmet for 130 gold pieces
  4354 | Elf:3    | Entered Level 3 of the Elven Halls
  4438 | Elf:3    | Gained mutation: You can translocate small distances at will. [potion of mutation]
  4438 | Elf:3    | Gained mutation: You are clumsy. (Dex -2) [potion of mutation]
  4438 | Elf:3    | Gained mutation: You have a somewhat thin skeletal structure (Dex +2, Stealth). [potion of mutation]
  4457 | Elf:3    | Noticed a fire dragon
  4457 | Elf:3    | a wolf spider changed into a fire dragon
  4459 | Elf:3    | WHY
  4472 | Elf:3    | Killed a fire dragon
  4472 | Elf:3    | Reached skill level 20 in Axes
  4472 | Elf:3    | Reached XP level 13. HP: 24/108 MP: 2/13
  4480 | Elf:3    | RIP
  4531 | Elf:3    | Noticed a deep elf death mage
  4542 | Elf:3    | Killed a deep elf death mage
  4781 | Elf:1    | Bought a scroll of enchant weapon for 82 gold pieces
  5016 | Lair:1   | Entered Level 1 of the Lair of Beasts
  5145 | Lair:1   | Found a labyrinth entrance.
  5160 | Lab      | Entered a labyrinth
  5298 | Lab      | Noticed a minotaur
  5305 | Lab      | Killed a minotaur
  5311 | Lab      | Got a brightly glowing brass ring
  5316 | Lab      | Identified the ring "Giritati" {rPois rC+++ Int-2 Dex+9} (You found it in a labyrinth)
  5327 | Lab      | Identified a +4 rod of clouds (14/14) (You found it in a labyrinth)
  5328 | Lab      | Identified a +5 rod of destruction (11/11) (You found it in a labyrinth)
  5480 | Lair:4   | Found a staircase to the Snake Pit.
  5486 | Lair:4   | Reached skill level 21 in Axes
  5552 | Lair:4   | Found a burning altar of Makhleb.
  5569 | Lair:4   | Got a dazzling hand axe
  5574 | Lair:4   | Reached skill level 1 in Evocations
  5746 | Lair:5   | Reached **** piety under Trog
  5971 | Lair:6   | Noticed Maud
  5978 | Lair:6   | Killed Maud
  6058 | Lair:7   | Reached XP level 14. HP: 105/118 MP: 14/17
  6097 | Lair:7   | Reached skill level 5 in Evocations
  6119 | Lair:7   | Reached skill level 5 in Dodging
  6137 | Lair:8   | Entered Level 8 of the Lair of Beasts
  6145 | Lair:8   | Reached ***** piety under Trog
  6338 | Lair:8   | Reached skill level 10 in Fighting
  6374 | Lair:8   | Received a gift from Trog
  6461 | Lair:8   | Identified a +2 rod of ignition (9/9) (You found it on level 8 of the Lair of Beasts)
  6462 | Lair:8   | Identified the +2 hand axe of Wealth {holy, rPois Int+4} (You found it on level 4 of the Lair of Beasts)
  6761 | Lair:8   | Identified a +4 rod of ignition (13/13) (You found it on level 8 of the Lair of Beasts)
  7030 | Lair:7   | Received a gift from Trog
  7046 | Lair:7   | Reached XP level 15. HP: 128/128 MP: 21/21
  7457 | Lair:5   | Found a staircase to the Shoals.
  7505 | Shoals:1 | Entered Level 1 of the Shoals
  7685 | Shoals:2 | Found a frozen archway.
  7698 | IceCv    | Entered an ice cave
  8032 | IceCv    | Noticed an Ice Fiend
  8120 | IceCv    | Killed an Ice Fiend
  8120 | IceCv    | Reached skill level 10 in Evocations
  8243 | Shoals:3 | Found a flickering gateway to a bazaar.
  8263 | Bazaar   | Entered a bazaar
  8263 | Bazaar   | Found Xinuahir's Weapon Emporium.
  8263 | Bazaar   | Found Ziphan Peegi's Assorted Antiques.
  8263 | Bazaar   | Found Uthaurph's Distillery.
  8265 | Bazaar   | Found Inoig Bugiubb's Antique Weapon Boutique.
  8265 | Bazaar   | Found Teny's Distillery.
  8297 | Bazaar   | Bought a potion of heal wounds for 50 gold pieces
  8297 | Bazaar   | Bought a potion of heal wounds for 50 gold pieces
  8297 | Bazaar   | Bought a potion of heal wounds for 50 gold pieces
  8300 | Bazaar   | Bought 2 potions of curing for 60 gold pieces
  8300 | Bazaar   | Bought a potion of curing for 30 gold pieces
  8300 | Bazaar   | Bought 2 potions of curing for 60 gold pieces
  8300 | Bazaar   | Bought a potion of heal wounds for 50 gold pieces
  8300 | Bazaar   | Bought a potion of heal wounds for 50 gold pieces
  8300 | Bazaar   | Bought a potion of curing for 30 gold pieces
  8300 | Bazaar   | Bought a potion of degeneration for 10 gold pieces
  8300 | Bazaar   | Bought 2 potions of flight for 60 gold pieces
  8300 | Bazaar   | Bought a potion of flight for 30 gold pieces
  8300 | Bazaar   | Bought a potion of invisibility for 80 gold pieces
  8303 | Bazaar   | Bought a potion of curing for 30 gold pieces
  8330 | Shoals:3 | Noticed Aizul
  8344 | Shoals:3 | Killed Aizul
  8534 | Shoals:3 | Cast into level 3 of the Abyss (merfolk javelineer)
  8534 | Abyss:3  | Found a snail-covered altar of Cheibriados.
  8615 | Abyss:3  | Noticed a revenant
  8628 | Abyss:5  | Entered Level 5 of the Abyss
  8632 | Abyss:5  | Found an oddly glowing altar of Pakellas.
  8710 | Abyss:5  | Found a corrupted altar of Lugonu.
  8712 | Abyss:5  | Noticed an Executioner
  8731 | Abyss:5  | Received a gift from Trog
  8732 | Abyss:5  | Killed an Executioner
  8817 | Shoals:3 | Escaped the Abyss
  8886 | Shoals:3 | Reached XP level 16. HP: 112/139 MP: 17/24
  8897 | Shoals:3 | Reached skill level 10 in Dodging
  9003 | Shoals:4 | Entered Level 4 of the Shoals
  9044 | Shoals:4 | Noticed Ilsuiw
  9199 | Shoals:3 | Noticed Donald
  9207 | Shoals:3 | Killed Donald
  9306 | Shoals:4 | Killed Ilsuiw
  9336 | Shoals:4 | Reached skill level 1 in Shields
  9366 | Shoals:4 | Identified The Grimoire of Greatest Risks and Utility (You found it on level 4 of the Shoals)
  9929 | Shoals:4 | Reached skill level 5 in Shields
 10030 | Shoals:4 | Got a barnacled rune of Zot
 10217 | Snake:1  | Entered Level 1 of the Snake Pit
 10321 | Snake:1  | Reached XP level 17. HP: 137/150 MP: 20/26
 10325 | Snake:1  | Found Riyxepn's Weapon Shop.
 10537 | Snake:3  | Found Reemmace's Weapon Boutique.
 10537 | Snake:3  | Found Tufiji's Book Shoppe.
 10622 | Snake:4  | Entered Level 4 of the Snake Pit
 10735 | Snake:4  | :(
 10810 | Snake:4  | Reached skill level 10 in Shields
 11015 | Snake:4  | Noticed Asterion
 11027 | Snake:4  | Killed Asterion
 11226 | Snake:4  | Reached XP level 18. HP: 110/157 MP: 19/27
 11341 | Snake:4  | Got a serpentine rune of Zot
 11517 | Snake:3  | Reached skill level 15 in Shields
 11827 | Lair:7   | Found a staircase to the Slime Pits.
 11893 | Lair:7   | good
 11920 | Slime:1  | Entered Level 1 of the Pits of Slime
 12143 | Slime:1  | Gained mutation: You are dopey. (Int -2) [a shining eye]
 12158 | Slime:1  | Gained mutation: Scrolls take you a little longer to read. [a shining eye]
 12166 | Slime:1  | uhh
 12425 | Slime:5  | there
 12426 | Slime:6  | Entered Level 6 of the Pits of Slime
 12660 | Slime:6  | Reached XP level 19. HP: 168/168 MP: 21/28
 12719 | Slime:6  | Found a viscous altar of Jiyva.
 12723 | Slime:6  | Noticed the Royal Jelly
 12749 | Slime:6  | i got this for you
 12749 | Slime:6  | Killed the Royal Jelly
 12918 | Slime:6  | Got a brightly glowing war axe
 12923 | Slime:6  | Got a slimy rune of Zot
 12939 | Slime:6  | Got a crude war axe
 12949 | Slime:6  | Identified Kysupiuxt's Advanced Sorcery
 12990 | Slime:6  | Identified the +5 war axe of Piozywuo {freeze, Str+2} (You found it on level 6 of the Pits of Slime)
 12991 | Slime:6  | Identified the +9 war axe "Suhi" {flame, rElec Dex+4} (You found it on level 6 of the Pits of Slime)
 13001 | Slime:6  | Got a pair of steaming boots
 13013 | Slime:6  | Identified the +1 pair of boots of Ennui {Dex+3} (You found it on level 6 of the Pits of Slime)
 13046 | Slime:6  | Identified a scroll of acquirement
 13046 | Slime:6  | jackpot lol
 13060 | Slime:6  | Identified the Catalogue of Boosting Displacement (You found it on level 6 of the Pits of Slime)
 13187 | Slime:1  | o hi
 13414 | D:8      | Bought a scroll of enchant armour for 112 gold pieces
 13414 | D:8      | Bought a scroll of recharging for 142 gold pieces
 13414 | D:8      | Bought a scroll of magic mapping for 52 gold pieces
 13414 | D:8      | Bought a scroll of enchant armour for 112 gold pieces
 13414 | D:8      | Bought a scroll of teleportation for 45 gold pieces
 13414 | D:8      | Bought a scroll of identify for 30 gold pieces
 13414 | D:8      | Bought a scroll of identify for 30 gold pieces
 13476 | Temple   | Entered the Ecumenical Temple
 13500 | Temple   | Fell from the grace of Trog
 13500 | Temple   | Became a worshipper of the Shining One
 13514 | Temple   | Learned a level 1 spell: Apportation
 13517 | Temple   | Learned a level 2 spell: Repel Missiles
 13520 | Temple   | Learned a level 2 spell: Blink
 13525 | Temple   | Learned a level 4 spell: Passage of Golubria
 13531 | Temple   | Learned a level 5 spell: Phase Shift
 13631 | D:10     | Entered Level 10 of the Dungeon
 13685 | D:9      | Found Gequ's Jewellery Shop.
 13687 | D:9      | meh
 13806 | D:11     | Reached skill level 1 in Translocations
 13817 | D:11     | Identified Yrewafoti's Catalogue of Damaging Ice (You found it on level 11 of the Dungeon)
 13888 | D:11     | Reached skill level 1 in Charms
 13966 | D:11     | Reached skill level 1 in Air Magic
 14078 | D:11     | Reached * piety under the Shining One
 14103 | D:13     | Found a gate to the Vaults.
 14103 | D:13     | Noticed Rupert
 14181 | D:13     | Killed Rupert
 14194 | D:13     | good
 14268 | D:14     | god it
 14281 | Vaults:1 | Entered Level 1 of the Vaults
 14361 | Vaults:1 | Reached skill level 1 in Spellcasting
 14477 | Vaults:1 | Found Qiphoas's Food Emporium.
 14477 | Vaults:1 | Reached ** piety under the Shining One
 14767 | Vaults:3 | Found Kiasoar's Antique Weapon Emporium.
 14894 | Vaults:4 | Found Zaahexoh's Food Emporium.
 14896 | Vaults:4 | Found Diose's Antique Armour Shop.
 14899 | Vaults:4 | Bought a pair of distressingly furry boots for 266 gold pieces
 14910 | Vaults:4 | Identified the cursed +0 pair of boots of Urooskic {rC+ rN++ Str+2 Dex-5} (You bought it in a shop on level 4 of the Vaults)
 15122 | Vaults:2 | Reached skill level 5 in Translocations
 15122 | Vaults:2 | Reached XP level 20. HP: 176/176 MP: 29/29
 15223 | Vaults:1 | Reached *** piety under the Shining One
 15265 | Vaults:2 | Noticed a lich
 15270 | Vaults:2 | Killed a lich
 15506 | Vaults:2 | Lost mutation: You are dopey. (Int -2) [potion of cure mutation]
 15506 | Vaults:2 | Lost mutation: Scrolls take you a little longer to read. [potion of cure mutation]
 15506 | Vaults:2 | Lost mutation: You have a somewhat thin skeletal structure (Dex +2, Stealth). [potion of cure mutation]
 15636 | Vaults:2 | Found a staircase to the Crypt.
 15653 | Crypt:1  | Entered Level 1 of the Crypt
 15749 | Crypt:3  | Entered Level 3 of the Crypt
 15768 | Crypt:3  | Reached **** piety under the Shining One
 15810 | Crypt:3  | ROTFL
 15845 | Crypt:3  | Paralysed by a lich for 6 turns
 15876 | Crypt:3  | Noticed a bone dragon
 15969 | Crypt:3  | Reached ***** piety under the Shining One
 16212 | Crypt:3  | Found a basalt altar of Yredelemnul.
 16249 | Crypt:3  | Reached ****** piety under the Shining One
 16275 | Crypt:3  | Reached skill level 1 in Invocations
 16335 | Crypt:3  | Reached skill level 5 in Spellcasting
 16350 | Crypt:3  | Killed a bone dragon
 16384 | Crypt:3  | Noticed a profane servitor
 16408 | Crypt:3  | Killed a profane servitor
 16419 | Crypt:3  | YES!
 16425 | Crypt:3  | Learned a level 2 spell: Swiftness
 16427 | Crypt:3  | Got an encrusted plate armour
 16437 | Crypt:3  | Identified the +13 plate armour of Eternity {rC++ rCorr Str+3 Int-5} (You found it on level 3 of the Crypt)
 16439 | Crypt:3  | Got a glittering granite ring
 16507 | Crypt:3  | Reached skill level 5 in Invocations
 16551 | Crypt:3  | Identified a +6 broad axe of holy wrath (a +4 vampiric broad axe blessed by the Shining One)
 16551 | Crypt:3  | Received a gift from the Shining One
 16598 | Crypt:3  | Found a staircase to the Tomb.
 16654 | Crypt:3  | Identified the ring "Ohiotz" {Ice +Blink rPois} (You found it on level 3 of the Crypt)
 16698 | Tomb:1   | Entered Level 1 of the Tomb of the Ancients
 16725 | Tomb:1   | Noticed an ancient lich
 16734 | Tomb:1   | Noticed an ancient lich
 16738 | Tomb:1   | Killed an ancient lich
 16738 | Tomb:1   | Reached XP level 21. HP: 181/181 MP: 30/30
 16744 | Tomb:1   | Killed an ancient lich
 16829 | Tomb:1   | i was wrong
 16933 | Tomb:1   | Reached skill level 10 in Invocations
 17008 | Tomb:2   | Noticed Mara
 17010 | Tomb:2   | Noticed a greater mummy
 17010 | Tomb:2   | Noticed Mennas
 17013 | Tomb:2   | Noticed a greater mummy
 17020 | Tomb:2   | Noticed a greater mummy
 17069 | Tomb:2   | Noticed a greater mummy
 17233 | Tomb:3   | Entered Level 3 of the Tomb of the Ancients
 17270 | Tomb:3   | Noticed a greater mummy
 17272 | Tomb:3   | Noticed a greater mummy
 17272 | Tomb:3   | Noticed a greater mummy
 17273 | Tomb:3   | Noticed a greater mummy
 17275 | Tomb:3   | Noticed a greater mummy
 17314 | Tomb:3   | Noticed a greater mummy
 17324 | Tomb:2   | Killed a greater mummy
 17327 | Tomb:2   | Killed a greater mummy
 17479 | Tomb:3   | Noticed a greater mummy
 17493 | Tomb:2   | Killed a greater mummy
 17497 | Tomb:3   | Noticed a greater mummy
 17506 | Tomb:2   | Killed a greater mummy
 17710 | Tomb:3   | Noticed a greater mummy
 17721 | Tomb:2   | Killed a greater mummy
 17721 | Tomb:2   | Reached skill level 15 in Fighting
 17784 | Tomb:2   | Reached XP level 22. HP: 129/191 MP: 29/32
 17819 | Tomb:2   | Killed a greater mummy
 17934 | Tomb:2   | Killed a greater mummy
 18018 | Tomb:3   | Identified Sif Muna's Papyrus of Enchantment (You found it on level 3 of the Tomb of the Ancients)
 18117 | Tomb:3   | Killed a greater mummy
 18131 | Tomb:3   | Killed a greater mummy
 18290 | Tomb:3   | Got a brightly glowing bone ring
 18291 | Tomb:3   | Identified the ring of Joy {*Contam rF- MP+9 Int+5 SInv} (You found it on level 3 of the Tomb of the Ancients)
 18293 | Tomb:3   | Got a faintly glowing golden ring
 18295 | Tomb:3   | Identified the ring "Zulog" {-Tele +Fly Str+4} (You found it on level 3 of the Tomb of the Ancients)
 18305 | Tomb:3   | Identified the Volume of Evil (You found it on level 3 of the Tomb of the Ancients)
 18314 | Tomb:3   | Identified the Catalogue of Talismans (You found it on level 3 of the Tomb of the Ancients)
 18318 | Zig:1    | Entered Level 1 of a ziggurat
 18343 | Zig:2    | Entered Level 2 of a ziggurat
 18372 | Zig:3    | Entered Level 3 of a ziggurat
 18404 | Zig:4    | Entered Level 4 of a ziggurat
 18428 | Zig:4    | Reached skill level 15 in Armour
 18428 | Zig:4    | Reached XP level 23. HP: 146/201 MP: 24/33
 18435 | Zig:5    | Entered Level 5 of a ziggurat
 18473 | Zig:6    | Entered Level 6 of a ziggurat
 18493 | Zig:6    | wrong move
 18496 | Zig:7    | Entered Level 7 of a ziggurat
 18671 | Zig:8    | Entered Level 8 of a ziggurat
 18757 | Zig:9    | Entered Level 9 of a ziggurat
 18766 | Zig:9    | Noticed a greater mummy
 18769 | Zig:9    | Noticed a greater mummy
 18786 | Zig:9    | Noticed a greater mummy
 18800 | Zig:9    | Killed a greater mummy
 18808 | Zig:9    | Killed a greater mummy
 18820 | Zig:9    | Killed a greater mummy
 18843 | Zig:9    | Got a coiled wooden ring
 18844 | Zig:9    | Identified the cursed ring "Ximal" {rElec MR+ AC-2} (You found it on level 9 of a ziggurat)
 18845 | Zig:9    | meh
 18847 | Zig:9    | Identified the Compendium of Attacks (You found it on level 9 of a ziggurat)
 18899 | Zig:10   | Entered Level 10 of a ziggurat
 19055 | Zig:10   | lol
 19060 | Zig:11   | Entered Level 11 of a ziggurat
 19117 | Zig:11   | Reached XP level 24. HP: 65/212 MP: 33/33
 19323 | Zig:12   | Entered Level 12 of a ziggurat
 19360 | Zig:13   | Entered Level 13 of a ziggurat
 19369 | Zig:13   | oh no
 19377 | Zig:13   | Got a sparkling zirconium amulet
 19380 | Zig:13   | Got a smoking iron ring
 19391 | Tomb:3   | Identified the amulet "Mastegaxze" {Dismiss rC+ Dex+2} (You found it on level 13 of a ziggurat)
 19392 | Tomb:3   | merh
 19392 | Tomb:3   | Identified the ring of Xaehull {Fire Int+6} (You found it on level 13 of a ziggurat)
 19393 | Tomb:3   | ok
 19433 | Tomb:3   | Got a golden rune of Zot
 19485 | Tomb:1   | Noticed a greater mummy
 19486 | Tomb:1   | Noticed a greater mummy
 19487 | Tomb:1   | Noticed a greater mummy
 19494 | Tomb:1   | Noticed a greater mummy
 19495 | Tomb:1   | Noticed a greater mummy
 19500 | Tomb:1   | Noticed a greater mummy
 19532 | Tomb:1   | Paralysed by a sphinx for 4 turns
 20142 | Vaults:4 | Found Colaest's General Store.
 20184 | Vaults:4 | Found Ireur's Assorted Antiques.
 20197 | Vaults:4 | Bought 2 potions of curing for 138 gold pieces
 20197 | Vaults:4 | Bought a potion of heal wounds for 115 gold pieces
 20197 | Vaults:4 | Bought a wand of teleportation for 276 gold pieces
 20197 | Vaults:4 | Bought a potion of heal wounds for 115 gold pieces
 20197 | Vaults:4 | Bought a scroll of blinking for 172 gold pieces
 20197 | Vaults:4 | Bought a scroll of identify for 46 gold pieces
 20207 | Vaults:4 | actually
 20208 | Vaults:5 | Entered Level 5 of the Vaults
 20745 | Vaults:5 | Reached XP level 25. HP: 95/228 MP: 33/33
 20799 | Vaults:5 | Paralysed by a sphinx for 4 turns
 20934 | Vaults:5 | Got a warped plate armour
 20943 | Vaults:5 | Identified the cursed +0 plate armour of Beyond {rC+ Slay+2} (You found it on level 5 of the Vaults)
 20996 | Vaults:5 | Got a silver rune of Zot
 21069 | Vaults:5 | thx
 21166 | Vaults:4 | thx
 21208 | Vaults:4 | Bought a meat ration for 55 gold pieces
 21208 | Vaults:4 | Bought a meat ration for 55 gold pieces
 21208 | Vaults:4 | Bought a bread ration for 55 gold pieces
 21208 | Vaults:4 | Bought a meat ration for 55 gold pieces
 21208 | Vaults:4 | Bought a bread ration for 55 gold pieces
 21208 | Vaults:4 | Bought a bread ration for 55 gold pieces
 21208 | Vaults:4 | Bought a slice of pizza for 16 gold pieces
 21208 | Vaults:4 | Bought a slice of pizza for 16 gold pieces
 21208 | Vaults:4 | Bought a slice of pizza for 16 gold pieces
 21208 | Vaults:4 | Bought a slice of pizza for 16 gold pieces
 21212 | Vaults:4 | Bought a beef jerky for 16 gold pieces
 21212 | Vaults:4 | Bought a beef jerky for 16 gold pieces
 21318 | D:14     | You fall through a shaft!
 21318 | D:15     | Entered Level 15 of the Dungeon
 21391 | D:15     | Found a staircase to the Depths.
 21401 | Depths:1 | Entered Level 1 of the Depths
 21402 | Depths:1 | wha a nice entrance
 21457 | Depths:2 | Found Eguore's Book Shoppe.
 21484 | Depths:2 | Paralysed by a sphinx for 7 turns
 21510 | Depths:2 | Paralysed by a sphinx for 3 turns
 21636 | Depths:3 | what is this
 21690 | Depths:3 | free hp
 21834 | Depths:3 | Found a one-way gate to the infinite horrors of the Abyss.
 21930 | Depths:3 | Found a gateway to Hell.
 21933 | Depths:3 | ok
 21935 | Hell     | Entered the Vestibule of Hell
 21935 | Hell     | Noticed Geryon
 21948 | Hell     | Reached skill level 22 in Armour
 21969 | Hell     | Killed Geryon
 22007 | Hell     | Reached skill level 23 in Armour
 22016 | Hell     | Reached XP level 26. HP: 228/237 MP: 33/33
 22048 | Hell     | Found a gateway to the decaying netherworld of Tartarus.
 22057 | Tar:1    | Entered Level 1 of Tartarus
 22057 | Tar:1    | Found a gateway to Hell.
 22142 | Tar:1    | You fall through a shaft!
 22142 | Tar:2    | Noticed an ancient lich
 22147 | Tar:2    | Killed an ancient lich
 22165 | Tar:3    | Found a gateway to Hell.
 22165 | Tar:3    | Found a gateway to Hell.
 22208 | Tar:4    | Found a gateway to Hell.
 22215 | Tar:4    | Reached skill level 24 in Armour
 22282 | Tar:4    | Found a gateway to Hell.
 22316 | Tar:4    | Gained mutation: You are somewhat resistant to further mutation. [mutagenic glow]
 22322 | Tar:4    | Your body shudders with the violent release of wild energies! _You feel genetically stable.
 22322 | Tar:4    | thx hell
 22338 | Tar:5    | Found a gateway to Hell.
 22341 | Tar:5    | Lost mutation: You are clumsy. (Dex -2) [mutagenic glow]
 22366 | Tar:6    | Found a gateway to Hell.
 22394 | Tar:6    | Found a gateway to Hell.
 22395 | Tar:6    | Found a gateway to Hell.
 22404 | Tar:7    | Entered Level 7 of Tartarus
 22404 | Tar:7    | Found a gateway to Hell.
 22405 | Tar:7    | fucker
 22609 | Tar:7    | Reached skill level 25 in Armour
 22633 | Tar:7    | Noticed Ereshkigal
 22647 | Tar:7    | Killed Ereshkigal
 22663 | Tar:7    | regen???
 22664 | Tar:7    | Got a bone rune of Zot
 22687 | Tar:7    | Found a gateway to Hell.
 22730 | Hell     | Found a gateway to the freezing wastes of Cocytus.
 22748 | Coc:1    | Entered Level 1 of Cocytus
 22748 | Coc:1    | Found a gateway to Hell.
 22792 | Coc:2    | Found a gateway to Hell.
 22811 | Coc:2    | Found a gateway to Hell.
 22827 | Coc:3    | Found a gateway to Hell.
 22852 | Coc:4    | Found a gateway to Hell.
 22860 | Coc:4    | Found a gateway to Hell.
 22885 | Coc:5    | Found a gateway to Hell.
 22901 | Coc:6    | Found a gateway to Hell.
 22929 | Coc:7    | Entered Level 7 of Cocytus
 22929 | Coc:7    | Found a gateway to Hell.
 22929 | Coc:7    | Found a gateway to Hell.
 22929 | Coc:7    | Found a gateway to Hell.
 23103 | Coc:7    | Reached XP level 27. HP: 244/244 MP: 29/33
 23118 | Coc:7    | Got an icy rune of Zot
 23172 | Coc:7    | Reached skill level 26 in Armour
 23213 | Hell     | uhh
 23228 | Hell     | Found a gateway to the Iron City of Dis.
 23235 | Dis:1    | Entered Level 1 of the Iron City of Dis
 23235 | Dis:1    | Found a gateway to Hell.
 23246 | Dis:1    | You fall through a shaft!
 23273 | Dis:2    | Found a gateway to Hell.
 23305 | Dis:2    | Found a gateway to Hell.
 23313 | Dis:3    | Found a gateway to Hell.
 23327 | Dis:3    | You fall through a shaft for 2 floors!
 23391 | Dis:6    | Found a gateway to Hell.
 23477 | Dis:7    | Entered Level 7 of the Iron City of Dis
 23530 | Dis:7    | Noticed the Serpent of Hell
 23689 | Dis:7    | Noticed Dispater
 23694 | Dis:7    | Got an iron rune of Zot
 23760 | Dis:7    | Reached skill level 27 in Armour
 23903 | Dis:7    | Paralysed by a vampire knight for 7 turns
 23932 | Dis:7    | Found a gateway to Hell.
 23934 | Dis:7    | Found a gateway to Hell.
 23935 | Dis:7    | Found a gateway to Hell.
 23963 | Hell     | Reached skill level 10 in Translocations
 23975 | Hell     | Found a gateway to the ashen valley of Gehenna.
 23988 | Geh:1    | Entered Level 1 of Gehenna
 23988 | Geh:1    | Found a gateway to Hell.
 24004 | Geh:2    | Found a gateway to Hell.
 24008 | Geh:3    | Found a gateway to Hell.
 24019 | Geh:3    | You fall through a shaft for 3 floors!
 24019 | Geh:6    | Found a gateway to Hell.
 24041 | Geh:7    | Entered Level 7 of Gehenna
 24041 | Geh:7    | Found a gateway to Hell.
 24041 | Geh:7    | Found a gateway to Hell.
 24041 | Geh:7    | Found a gateway to Hell.
 24138 | Geh:7    | HP: 12/246 [Brimstone Fiend/blast of hellfire (27)]
 24139 | Geh:7    | Killed from afar by a Brimstone Fiend

Vault maps used:
D:1:      dpeg_arrival_stone_temple_mockup, serial_park_tiny_1
D:2:      nicolae_overflow_crystal_walls,
          nicolae_gozag_cash_rules_everything_around_me
D:3:      lightli_sewer_entry_pipes, minmay_box_of_dots, uniq_robin,
          uniq_natasha, uniq_iyjb
D:4:      marbit_many_paths, minmay_tree_intersection,
          roderic_bipointed_swastika, uniq_crazy_yiuf_cottage
D:5:      grunt_pakellas_basics, kennysheep_mini, serial_shops, shop_statue,
          first_bread, uniq_duvessa
D:6:      minmay_temple_entry_butterflies, basic_altar, serial_park_tiny_pond
D:7:      nicolae_overflow_hidden_temple, uniq_menkaure
D:8:      david_lair_generic, serial_shops, shop
D:9:      grunt_temple_overflow_forces_of_nature, david_orc_4, serial_shops,
          shop, corexii_leaking_fountain
D:11:     boulder_corridor_run, david_nohive_1, minmay_crystal_water
D:12:     small_statue_alley_a
D:13:     david_vaults_3, uniq_kirke
D:14:     minmay_misc_feat_cross
D:15:     grunt_enter_depths_hoard
Temple:   circular_temple_12
Lair:1:   serial_forest, infiniplex_forest_clump_cross,
          infiniplex_forest_straight_2, infiniplex_forest_end_1,
          infiniplex_forest_straight_4, infiniplex_forest_clump_double,
          infiniplex_forest_join, infiniplex_forest_end_3,
          infiniplex_forest_lined_corner, lab_entry_generic,
          bh_autumn_forest_stairs, serial_bayou_shore_b, uniq_nergalle
Lair:3:   serial_forest, infiniplex_forest_clump_double,
          infiniplex_forest_straight_5, infiniplex_forest_lined_3,
          infiniplex_forest_clump_C, infiniplex_forest_corner_1,
          infiniplex_forest_lined_corner, infiniplex_forest_lined_4_way,
          infiniplex_forest_straight_2
Lair:4:   dummy_snake_entry, basic_altar
Lair:5:   minmay_shoals_entry_centaurs, grunt_megastairs_3
Lair:6:   gammafunk_lair_enchanted_lake, lemuel_centaur_altar,
          serial_bayou_shore_b, uniq_maud
Lair:7:   gammafunk_lair_bear_cave, slime_dummy
Lair:8:   due_jungle_book, st_stairs_4, serial_bayou_shore_b, grunt_megastairs_5
Shoals:2: portal_ice_cave_entry_pillars_02, nicolae_shoals_cliffside_cave
Shoals:3: serial_shops, bzr_entry_water, nicolae_shoals_circle_sea_wall,
          uniq_aizul, uniq_polyphemus, uniq_donald
Shoals:4: shoals_end_grunt_ice, shoal_ilsuiw
Snake:1:  serial_shops, nicolae_shop_behind_doors
Snake:2:  serial_bayou_shore_a
Snake:3:  serial_shops, shop, shop, shop, shop, spider_trap, uniq_vashnia
Snake:4:  snake_pit_salamanders_mu, uniq_asterion
Slime:1:  nicolae_slime_phagocytosis
Orc:1:    uniq_erolcha, uniq_harold
Orc:2:    grunt_orc_cross
Elf:1:    eino_elf_arrival_the_gate, serial_shops, nicolae_shop_trees,
          shop_fountains, kennysheep_underground_church,
          minmay_misc_feat_columns
Elf:2:    serial_shops, shop
Elf:3:    minmay_elf_hall_x, nicolae_elf_big_sculpture_1
Vaults:1: dpeg_vaults_waves, hangedman_vaults_restitches, v_misc_10, v_misc_18,
          vaults_room_mumra_shop_pool, v_misc_8, vaults_mumra_minichess,
          nicolae_vaults_shelves_hall
Vaults:2: vaults_room_fours, hangedman_vaults_nodes, v_misc_17, v_misc_22,
          st_cells, ontoclasm_vaults_bender, ontoclasm_vaults_twist,
          ontoclasm_vaults_shuriken, nicolae_vaults_little_squares_3,
          hangedman_vaults_snaps, minmay_crypt_entry_nasty_monster,
          grunt_vaults_funnel
Vaults:3: vaults_dpeg_ring, nicolae_vaults_statue_guard, grunt_vaults_diagonal,
          hangedman_vaults_stream, v_misc_25, nicolae_vaults_circle_grid_a,
          hangedman_vaults_trim, hangedman_vaults_corner_blocks, v_misc_25,
          vaults_room_door_ring, vaults_standard_mumra_x,
          nicolae_vaults_sealed_display, ontoclasm_vaults_ring_square,
          nicolae_vaults_alarming, serial_shops, shop_fountains
Vaults:4: nicolae_vaults_theta, nicolae_vaults_little_squares_6,
          nicolae_vaults_little_squares_4, vaults_room_guarded_vault,
          nicolae_vaults_ring_of_whatevers, ontoclasm_vaults_pinch,
          serial_shops, nicolae_shop_window_shopping, nicolae_shop_behind_doors,
          shop, shop, nicolae_shop_trees
Crypt:1:  cheibrodos_crypt_down_in_the_bonehoard, minivault_24,
          serial_sigils_hangedman_gut
Crypt:3:  evilmike_haunted_forest
Tomb:2:   uniq_mennas, uniq_mara
Depths:1: kennysheep_scales, rand_demon_pan_entry_5, abyss_entry, hell_entry,
          minmay_misc_feat_nine_boxes, st_stairs_7, evilmike_ambush,
          serial_bayou_shore_b
Depths:2: minmay_expanding_circles, abyss_entry, special_room,
          grunt_hell_entry_demonic_statue, serial_shops, nicolae_shop_stone,
          minmay_misc_feat_room, st_stairs_5, roderic_hopi_sauvastika,
          hangedman_stitches_earthworm
Depths:3: spriggan_forest, abyss_entry, hell_entry, pan_entry, serial_shops
Depths:4: evilmike_cross, pf_hell_entry_tar_river, bh_walls_and_bars,
          serial_shops, nicolae_shop_crystal,
          nicolae_abyss_entry_one_way_or_another, dk_noncrumbling_4,
          minmay_staircase_bubble
Dis:7:    dis_hangedman
Geh:1:    lemuel_old_faithful
Geh:2:    lemuel_elevator
Geh:3:    nicolae_geh_single_fiery_grave
Geh:6:    hangedman_hellfire_club
Geh:7:    geh_grunt_pentagon
Coc:7:    coc_mu
Tar:2:    grunt_deathspiral_small
Tar:7:    tar_minmay_river
Abyss:3:  evilmike_abyss_exit_smiterflies, kb_abyss_rune_zappy
Abyss:5:  minivault_24, minivault_25, hangedman_decor_riveting,
          grunt_abyss_rune_sword_and_sorcery, due_exit_kobolds, minivault_25
Zig:1:    ziggurat_pillar_centre_c
Zig:8:    ziggurat_pillar_centre_dead_trees
Bazaar:   bazaar_minmay_generic_island
Sewer:    kennysheep_pipe_town
IceCv:    ice_cave_caverns_03

Action                   |  1- 3 |  4- 6 |  7- 9 | 10-12 | 13-15 | 16-18 | 19-21 | 22-24 | 25-27 || total
-------------------------+-------+-------+-------+-------+-------+-------+-------+-------+-------++-------
Melee: Hand axe          |    52 |    77 |       |       |       |       |       |       |       ||   129
       War axe           |       |    12 |   168 |       |       |       |       |    40 |       ||   220
       Battleaxe         |       |       |    17 |   356 |    46 |       |       |       |       ||   419
       Broad axe         |       |       |       |       |   700 |   819 |   960 |   659 |  1073 ||  4211
Throw: Throwing net      |       |       |       |       |     1 |     1 |       |       |       ||     2
 Cast: Apportation       |       |       |       |       |       |       |    53 |    31 |    13 ||    97
       Repel Missiles    |       |       |       |       |       |       |     3 |     4 |     2 ||     9
       Passage of Golubr |       |       |       |       |       |       |     1 |     4 |     2 ||     7
       Phase Shift       |       |       |       |       |       |       |       |     1 |       ||     1
       Blink             |       |       |       |       |       |       |       |     1 |     4 ||     5
       Swiftness         |       |       |       |       |       |       |       |     1 |       ||     1
Invok: Berserk           |     3 |     6 |     7 |    26 |    16 |    19 |       |       |       ||    77
       Trog's Hand       |       |     2 |    14 |    27 |    39 |    51 |     8 |       |       ||   141
       Burn Spellbooks   |       |       |       |       |       |     2 |       |       |       ||     2
       Brothers in Arms  |       |       |       |       |       |     1 |     5 |       |       ||     6
       Brand Weapon With |       |       |       |       |       |       |     1 |       |       ||     1
       Cleansing Flame   |       |       |       |       |       |       |    15 |     8 |    70 ||    93
       Divine Shield     |       |       |       |       |       |       |     1 |     3 |     9 ||    13
       Summon Divine War |       |       |       |       |       |       |       |       |     2 ||     2
 Abil: Blink             |       |       |       |       |       |     1 |     2 |       |     2 ||     5
       Evoke Teleportati |       |       |       |       |       |       |       |       |   137 ||   137
Evoke: Wand              |       |       |     4 |     7 |     2 |     3 |    25 |     8 |     6 ||    55
       Rod               |       |       |       |       |     7 |     2 |       |       |       ||     9
       Sack of spiders   |       |       |       |       |       |       |     6 |     1 |       ||     7
       Deck              |       |       |       |       |       |       |     2 |     6 |     1 ||     9
       Box of beasts     |       |       |       |       |       |       |     8 |    20 |     2 ||    30
       Figurine of a zig |       |       |       |       |       |       |       |     1 |       ||     1
  Use: Potion            |     2 |       |       |     4 |     3 |     3 |    16 |     8 |     2 ||    38
       Scroll            |       |       |     6 |     6 |    14 |    10 |    31 |    22 |     7 ||    96
 Stab: Invisible         |       |       |       |       |     9 |       |       |       |       ||     9
       Held in net/web   |       |       |       |       |     2 |     1 |       |       |       ||     3
       Distracted        |       |       |       |       |       |     1 |       |       |       ||     1
       Sleeping          |       |       |       |       |       |     1 |       |       |       ||     1
  Eat: Chunk             |       |     7 |    13 |    37 |    24 |    31 |     1 |       |     3 ||   116
       Beef jerky        |       |     1 |       |     1 |     5 |       |     3 |       |     3 ||    13
       Pizza             |       |       |     1 |     1 |     5 |     1 |     2 |     1 |     4 ||    15
       Bread ration      |       |       |     1 |       |       |     2 |       |     1 |    12 ||    16
       Fruit             |       |       |       |       |     4 |     3 |       |       |       ||     7
       Royal jelly       |       |       |       |       |       |     2 |     6 |     5 |       ||    13
